 Dungeon Crawl Stone Soup version 0.30-a0-1155-gf8af5b4991 (webtiles) character file.

Game seed: 7052312267079082472

291 CryoSword the Shield-Bearer (level 6, -9/42 (49) HPs)
             Began as a Formicid Fighter on Apr 23, 2023.
             Mangled by an iguana (11 damage)
             ... on level 4 of the Dungeon.
             The game lasted 00:04:53 (3545 turns).

CryoSword the Shield-Bearer (Formicid Fighter)      Turns: 3545, Time: 00:04:53

HP:   -9/42 (49)    AC:  7    Str: 26 (29) XL:     6   Next: 59%
MP:   6/6           EV:  9    Int:  6 (7)  God:
Gold: 162           SH:  5    Dex: 16 (19) Spells: 5/5 levels left

rFire   . . .        f - +0 trident
rCold   . . .        c - +0 buckler
rNeg    . . .        b - +0 scale mail
rPois   .            (helmet unavailable)
rElec   .            (no cloak)
rCorr   .            (no gloves)
SInv    +            (no boots)
Will    .....        (no amulet) Stlth
                     e - +6 ring of strength
HPRegen 0.27/turn    l - +6 ring of dexterity
MPRegen 0.10/turn

%: no passive effects
@: heavily drained
A: permanent stasis, dig shafts and tunnels, antennae 3, four strong arms
a: Dig, Shaft Self


You were on level 4 of the Dungeon.
You visited 1 branch of the dungeon, and saw 4 of its levels.

You collected 162 gold pieces.

Inventory:

Hand Weapons
 f - a +0 trident (weapon)
   (You found it on level 3 of the Dungeon)
 n - a +0 rapier of electrocution
   (You took it off a goblin on level 2 of the Dungeon)
Armour
 b - a +0 scale mail (worn)
 c - a +0 buckler (worn)
Jewellery
 e - a +6 ring of strength (left hand)
   (You found it on level 2 of the Dungeon)
 l - a +6 ring of dexterity (right hand)
   (You took it off a goblin on level 2 of the Dungeon)
Scrolls
 a - a scroll of enchant armour {unknown}
 d - a scroll of vulnerability {unknown}
 g - a scroll of blinking {unknown}
 i - 2 scrolls of silence
 p - a scroll of immolation {unknown}
Potions
 h - a potion of heal wounds {unknown}
 j - 4 potions of attraction {!q}
 k - a potion of brilliance {unknown}


   Skills:
 - Level 4.5 Fighting
 + Level 3.2(3.6) Polearms
 - Level 2.3(3.1) Staves
 - Level 4.4 Armour
 - Level 5.4 Shields


You had 5 spell levels left.
You didn't know any spells.
Your spell library was empty.

Dungeon Overview and Level Annotations

Branches:
Dungeon (4/15)
 Temple: D:4-7

Altars:
Elyvilon
Hepliaklqana
Qazlal


Innate Abilities, Weirdness & Mutations

You cannot be hasted, slowed, berserked, paralysed or teleported.
You can dig through walls and to a lower floor.
You have a pair of large antennae on your head. (SInv)
Your four strong arms can wield two-handed weapons with a shield.


Message History

You block the orc's attack.
You barely miss the orc. You block the orc's attack.
You closely miss the orc. The orc hits you but does no damage.
You hit the orc. The orc hits you but does no damage.
The orc closely misses you.
You hit the orc.
You kill the orc!
You closely miss the orc. The orc hits you with a +0 mace.
* * * LOW HITPOINT WARNING * * *
You hit the orc but do no damage. The orc hits you but does no damage.
You hit the orc. Lightning courses through the orc!
You kill the orc!
You hit the orc.
You kill the orc!
The orc hits you with a +0 flail.
* * * LOW HITPOINT WARNING * * *
You hit the orc but do no damage. The orc hits you with a +0 flail.
* * * LOW HITPOINT WARNING * * *
Okay, then.
Okay, then.
Okay, then.
You extend your mandibles.
You dig through the rock wall.
You feel drained.
You dig through the rock wall.
You feel drained.
You dig through the rock wall.
You feel drained.
You retract your mandibles.
The orc attacks as you move away! The orc barely misses you.
You see here 5 stones.
The orc attacks as you move away! The orc closely misses you.
The orc attacks as you move away! You block the orc's attack.
The orc attacks as you move away! The orc hits you with a +0 flail.
* * * LOW HITPOINT WARNING * * *
The orc attacks as you move away! You block the orc's attack.
There is a stone staircase leading up here.
The orc hits you with a +0 flail!
* * * LOW HITPOINT WARNING * * *
You climb upwards.
There is a stone staircase leading down here.
You hit the orc. The orc barely misses you.
You barely miss the orc. The orc hits you with a +0 flail.
* * * LOW HITPOINT WARNING * * *
You closely miss the orc. You block the orc's attack. x2
You hit the orc.
You kill the orc!
You start resting.
Things that are here:
a +0 flail; a +0 leather armour
There is a stone staircase leading down here.
You climb downwards.
There is a stone staircase leading up here.
Search for what [Enter for "weapon", or ? for help]? polearm You climb upwards.
There is a stone staircase leading down here.
You see here a +0 trident.
f - a +0 trident Your +0 rapier of electrocution stops crackling.
f - a +0 trident (weapon)
Done exploring.
Done exploring.
Done exploring.
Things that are here:
a +0 leather armour; a +0 flail
There is a stone staircase leading down, spattered with blood here.
You climb downwards.
The kobold shouts!
The orc shouts!
The orc hits you but does no damage.
You are poisoned.
The orc hits you but does no damage.
There is a stone staircase leading up here.
You feel very sick.
The orc hits you with a +1 dagger of venom.
You are more poisoned.
You block the kobold's attack.
You climb upwards.
You feel extremely sick.
There is a stone staircase leading down, spattered with blood here.
You puncture the orc!
You kill the orc!
You feel very sick. The kobold misses you.
You closely miss the kobold.
You feel very sick. The kobold closely misses you.
You hit the kobold but do no damage.
You feel sick. The kobold closely misses you.
You closely miss the kobold.
You feel sick. The kobold hits you but does no damage.
You hit the kobold but do no damage.
You feel sick. The kobold hits you but does no damage.
You hit the kobold but do no damage.
You feel sick. The kobold hits you but does no damage.
You hit the kobold.
You kill the kobold!
You feel sick.
You feel sick.
k - a clear potion
Things that are here:
a +0 club; a +0 leather armour You feel sick.
You are no longer poisoned.
Things that are here:
a +0 club; a +0 leather armour
There is a stone staircase leading down, spattered with blood here.
Things that are here:
a +0 leather armour; a +0 flail
There is a stone staircase leading down here.
You start resting.
You climb downwards.
There is a stone staircase leading up here.
Items here: ))) [ ÷÷.
You see here a scroll of teleportation {@r4}.
You see here a scroll of teleportation {@r4}.
Items here: ))) [ ÷÷.
There is a stone staircase leading up here.
You climb upwards.
There is a stone staircase leading down here.
There is a stone staircase leading down here.
You climb downwards.
There is a stone staircase leading up here.
Found a shiny coral ring.
There is an open door here.
m - a ring of wizardry
Okay, then.
Autopickup disabled for rings of wizardry.
You drop a ring of wizardry.
Found 25 gold pieces.
The adder hisses angrily.
The acid dragon roars!
You hear a howl!
The howler monkey howls!
There is an open door here.
Things that are here:
a +0 robe; a +0 dagger; a +0 whip An iguana comes into view.
A ball python comes into view.
You closely miss the iguana. The iguana bites you!
You closely miss the iguana. The iguana bites you.
You are too injured to fight recklessly!
You puncture the iguana! The iguana bites you!
* * * LOW HITPOINT WARNING * * *
You barely miss the iguana. The iguana bites you!
* * * LOW HITPOINT WARNING * * *
The iguana closely misses you.
You barely miss the iguana. The iguana bites you!
* * * LOW HITPOINT WARNING * * *
Okay, then.
You closely miss the iguana. The iguana barely misses you.
You completely miss the iguana. The iguana bites you!
You die...

. ... .....######
### .....Sl@..##
#.. .....####..###
##.# ...
##...########.[[ .
#..............
#..........####
#.........###
##..........!#
####.........##.##
#.#
............##.[##


You could see an iguana and a ball python.

Vanquished Creatures
  An ice beast (D:3)
  2 orc wizards (D:4)
  3 gnolls (D:2)
  3 adders
  An ufetubus (D:4)
  A worm (D:3)
  4 dart slugs
  7 orcs
  3 ball pythons
  4 bats
  An endoplasm (D:4)
  7 giant cockroaches
  14 goblins
  5 hobgoblins
  6 kobolds
  3 quokkas
  A frilled lizard (D:1)
  4 rats
70 creatures vanquished.

Notes
Turn   | Place    | Note
-------+----------+-------------------------------------------
     0 | D:1      | CryoSword the Formicid Fighter began the quest for the Orb.
     0 | D:1      | Reached XP level 1. HP: 18/18 MP: 1/1
    67 | D:1      | Reached XP level 2. HP: 24/24 MP: 2/2
   426 | D:1      | Found a faded altar of an unknown god.
   553 | D:1      | Reached XP level 3. HP: 29/29 MP: 3/3
  1161 | D:2      | Reached skill level 1 in Polearms
  1168 | D:2      | Reached XP level 4. HP: 24/37 MP: 4/4
  2073 | D:3      | Reached XP level 5. HP: 42/42 MP: 5/5
  2219 | D:3      | Noticed an ice beast
  2232 | D:3      | Killed an ice beast
  2233 | D:3      | Reached skill level 5 in Shields
  2233 | D:3      | Reached XP level 6. HP: 23/48 MP: 6/6
  2734 | D:4      | Found a hazy altar of Hepliaklqana.
  2734 | D:4      | Found a stormy altar of Qazlal.
  2734 | D:4      | Found a white marble altar of Elyvilon.
  3112 | D:3      | HP: 2/42 [orc/+0 flail (3)]
  3512 | D:4      | Noticed an acid dragon
  3543 | D:4      | HP: 1/42 [iguana (9)]
  3545 | D:4      | Mangled by an iguana

Illustrated notes

Levels and vault maps discovered:
D:1:      heliophobic_arrival_ceremonial_halls, layout_basic,
          dreamdust_ecumenical_altar_statues
D:2:      layout_loops_corners, minmay_goblin_outpost
D:3:      layout_basic, grunt_decor_one_mirror, minmay_vboxes
D:4:      layout_rooms, chequers_temple_overflow_statue_of_worship,
          serial_shops, shop, nicolae_shop_tiny_statue_garden,
          lightli_corner_chamber

Skill      XL: |  1  2  3  4  5  6 |
---------------+-------------------+-----
Polearms       | 1 2 3 |  3.2
Fighting       | 4 |  4.5
Armour         | 4 |  4.4
Shields        | 5 |  5.4
Staves         | |  2.3

Action                     |  1- 3 |  4- 6 || total
---------------------------+-------+-------++-------
  Melee: Quarterstaff      |    29 |       ||    29
         Dagger            |    61 |    27 ||    88
         Rapier            |       |   126 ||   126
         Trident           |       |    14 ||    14
Ability: Dig               |       |     3 ||     3
    Use: Scroll            |       |     8 ||     8
         Potion            |       |     4 ||     4
 Armour: Scale mail        |    40 |    89 ||   129
  Dodge: Dodged            |    51 |   106 ||   157
  Block: Buckler           |    25 |    57 ||    82

Table legend: (Time is in decaauts)
 A = Elapsed time spent in this place.
 B = Non-inter-level travel time spent in this place.
 C = Inter-level travel time spent in this place.
 D = Time resting spent in this place.
 E = Time spent auto-exploring this place.
 F = Levels seen in this place.
 G = Mean time per level.
                   A        B        C        D        E       F      G
               +--------+--------+--------+--------+--------+-----+--------+
         Total |   3584 |   3381 |    203 |    446 |   2248 |   4 |  896.0 |
       Dungeon |   3584 |   3381 |    203 |    446 |   2248 |   4 |  896.0 |
               +--------+--------+--------+--------+--------+-----+--------+

Top non-repeatable levels by time:
     D:3: 1193 daAuts
     D:2: 974 daAuts
     D:1: 935 daAuts
     D:4: 482 daAuts
